[ PARTIDA AOE2 · #495031571 ]
UnrankedEtíopes vs Britons
[ ANÁLISIS DE REPETICIÓN · EXTRAÍDO DE LA PARTIDA GRABADA ]
Feudal
9:16
Castillos
—
Imperial
—
| APM promedio | 71.4 |
| APM pico | 122 |
| eAPM promedio | 23.8 |
| Aldeanos / militares | 36 / 22 |
Foco
⚔️ 55.1% · 🌾 44.9%
Archer ×22
Feudal
9:32
Castillos
—
Imperial
—
| APM promedio | 69.7 |
| APM pico | 98 |
| eAPM promedio | 25.0 |
| Aldeanos / militares | 46 / 7 |
Foco
⚔️ 27.4% · 🌾 72.6%
Scout Cavalry ×7
Feudal
9:25
Castillos
—
Imperial
—
| APM promedio | 52.7 |
| APM pico | 139 |
| eAPM promedio | 17.8 |
| Aldeanos / militares | 34 / 14 |
Foco
⚔️ 25.0% · 🌾 75.0%
Archer ×12 · Spearman ×2
Feudal
10:58
Castillos
—
Imperial
—
| APM promedio | 33.7 |
| APM pico | 53 |
| eAPM promedio | 19.8 |
| Aldeanos / militares | 32 / 5 |
Foco
⚔️ 43.5% · 🌾 56.5%
Archer ×2 · Skirmisher ×2 · Spearman ×1
Mapa de la partida
Recursos iniciales + cada clic de construcción. Líneas = muros · curvas = relieve. ◆ oro · ⬟ piedra · ● bayas · ✦ reliquia · ◌ hueco del cierre
Tu base· Abierta — flanco sin cerrar
Base de PedroAOE· Abierta — hueco de 6t
Base de Eye· Abierta — hueco de 9t
Base de watoson111· Abierta — flanco sin cerrar
Terreno inicial suavizado · ◌ = hueco del cierre detectado · pasá el cursor para detalles
Inputs por minuto
— DS_VARVAGOD - - PedroAOE
Build order — DS_VARVAGOD
93 acciones detectadas en el replay
| 0:00 | Crear | Villager (Male) |
| 0:01 | Crear | Villager (Male) |
| 0:02 | Construir | House |
| 0:02 | Construir | House |
| 0:09 | Crear | Villager (Male) |
| 0:09 | Crear | Villager (Male) |
| 0:09 | Crear | Villager (Male) |
| 1:18 | Crear | Villager (Male) |
| 1:47 | Crear | Villager (Male) |
| 1:50 | Construir | Lumber Camp |
| 2:04 | Crear | Villager (Male) |
| 2:05 | Crear | Villager (Male) |
| 2:43 | Crear | Villager (Male) |
| 3:15 | Crear | Villager (Male) |
| 3:26 | Crear | Villager (Male) |
| 3:49 | Crear | Villager (Male) |
| 3:52 | Construir | House |
| 4:27 | Crear | Villager (Male) |
| 4:28 | Crear | Villager (Male) |
| 4:28 | Crear | Villager (Male) |
| 4:28 | Crear | Villager (Male) |
| 4:28 | Crear | Villager (Male) |
| 4:59 | Construir | Mining Camp |
| 5:47 | Crear | Villager (Male) |
| 6:02 | Crear | Villager (Male) |
| 6:39 | Investigar | Loom |
| 7:02 | Investigar | Feudal Age |
| 8:19 | Construir | Barracks |
| 8:26 | Construir | Barracks |
| 8:28 | Construir | House |
| 8:54 | Crear | Villager (Male) |
| 9:16 | Edad | Edad Feudal |
| 9:24 | Construir | Archery Range |
| 9:33 | Construir | Archery Range |
| 9:42 | Crear | Villager (Male) |
| 10:09 | Crear | Villager (Male) |
| 10:24 | Crear | Archer |
| 10:24 | Crear | Archer |
| 10:35 | Construir | House |
| 10:38 | Crear | Villager (Male) |
| 10:41 | Investigar | Town Watch |
| 10:43 | Construir | Mill |
| 10:47 | Crear | Villager (Male) |
| 10:56 | Construir | House |
| 11:00 | Crear | Archer |
| 11:00 | Crear | Archer |
| 11:13 | Crear | Villager (Male) |
| 11:16 | Construir | Blacksmith |
| 11:23 | Crear | Archer |
| 11:23 | Crear | Archer |
| 11:23 | Crear | Archer |
| 11:26 | Crear | Villager (Male) |
| 11:32 | Construir | Palisade Gate |
| 11:54 | Crear | Villager (Male) |
| 11:56 | Construir | Farm |
| 11:57 | Construir | Farm |
| 12:17 | Crear | Villager (Male) |
| 12:18 | Crear | Archer |
| 12:18 | Crear | Archer |
| 12:18 | Crear | Archer |
| 12:21 | Construir | House |
| 12:22 | Construir | Palisade Wall |
| 12:28 | Construir | House |
| 12:42 | Construir | Farm |
| 12:43 | Construir | Farm |
| 13:00 | Investigar | Fletching |
| 13:00 | Investigar | Fletching |
| 13:00 | Investigar | Fletching |
| 13:09 | Crear | Archer |
| 13:09 | Crear | Archer |
| 13:23 | Crear | Archer |
| 13:23 | Crear | Archer |
| 13:28 | Construir | Farm |
| 13:44 | Crear | Archer |
| 13:44 | Crear | Archer |
| 13:45 | Crear | Villager (Male) |
| 13:59 | Crear | Villager (Male) |
| 14:00 | Crear | Archer |
| 14:00 | Crear | Archer |
| 14:04 | Construir | House |
| 14:05 | Construir | House |
| 14:26 | Crear | Villager (Male) |
| 14:26 | Crear | Archer |
| 14:27 | Crear | Archer |
| 14:47 | Crear | Villager (Male) |
| 14:47 | Crear | Villager (Male) |
| 14:48 | Crear | Archer |
| 14:48 | Crear | Archer |
| 14:57 | Crear | Villager (Male) |
| 15:03 | Construir | Farm |
| 15:05 | Construir | Farm |
| 15:11 | Crear | Villager (Male) |
| 15:15 | Construir | Palisade Wall |
Build order — PedroAOE
94 acciones detectadas en el replay
| 0:01 | Crear | Villager (Male) |
| 0:01 | Crear | Villager (Male) |
| 0:03 | Construir | House |
| 0:06 | Construir | House |
| 0:08 | Crear | Villager (Male) |
| 0:08 | Crear | Villager (Male) |
| 1:26 | Crear | Villager (Male) |
| 1:26 | Crear | Villager (Male) |
| 1:47 | Construir | Lumber Camp |
| 2:02 | Crear | Villager (Male) |
| 2:02 | Crear | Villager (Male) |
| 2:18 | Crear | Villager (Male) |
| 2:18 | Crear | Villager (Male) |
| 2:40 | Crear | Villager (Male) |
| 3:09 | Crear | Villager (Male) |
| 3:42 | Crear | Villager (Male) |
| 3:43 | Crear | Villager (Male) |
| 3:59 | Construir | House |
| 4:04 | Construir | House |
| 4:20 | Construir | Mill |
| 4:27 | Crear | Villager (Male) |
| 4:27 | Crear | Villager (Male) |
| 4:28 | Crear | Villager (Male) |
| 4:54 | Crear | Villager (Male) |
| 4:54 | Crear | Villager (Male) |
| 5:29 | Crear | Villager (Male) |
| 5:30 | Crear | Villager (Male) |
| 5:47 | Crear | Villager (Male) |
| 5:47 | Crear | Villager (Male) |
| 6:03 | Crear | Villager (Male) |
| 6:25 | Investigar | Loom |
| 7:22 | Investigar | Feudal Age |
| 7:28 | Construir | Barracks |
| 7:40 | Construir | Barracks |
| 8:27 | Construir | Mill |
| 8:43 | Construir | House |
| 9:32 | Edad | Edad Feudal |
| 9:38 | Construir | Stable |
| 9:39 | Crear | Villager (Male) |
| 9:44 | Investigar | Double-Bit Axe |
| 9:52 | Construir | Farm |
| 9:55 | Construir | Farm |
| 10:00 | Construir | Farm |
| 10:09 | Crear | Villager (Male) |
| 10:11 | Crear | Villager (Male) |
| 10:16 | Construir | House |
| 10:20 | Crear | Villager (Male) |
| 10:26 | Construir | Farm |
| 10:34 | Crear | Scout Cavalry |
| 10:41 | Construir | Farm |
| 10:44 | Crear | Villager (Male) |
| 10:48 | Construir | Palisade Wall |
| 10:49 | Construir | Palisade Wall |
| 11:05 | Crear | Scout Cavalry |
| 11:15 | Crear | Villager (Male) |
| 11:43 | Crear | Scout Cavalry |
| 12:01 | Crear | Villager (Male) |
| 12:02 | Crear | Villager (Male) |
| 12:08 | Crear | Villager (Male) |
| 12:08 | Crear | Villager (Male) |
| 12:23 | Investigar | Horse Collar |
| 12:23 | Investigar | Horse Collar |
| 12:24 | Crear | Scout Cavalry |
| 12:24 | Crear | Scout Cavalry |
| 12:32 | Construir | House |
| 12:33 | Construir | House |
| 12:38 | Construir | Farm |
| 12:43 | Construir | Farm |
| 12:43 | Crear | Villager (Male) |
| 12:48 | Construir | Farm |
| 13:07 | Crear | Villager (Male) |
| 13:12 | Construir | House |
| 13:12 | Construir | House |
| 13:14 | Construir | Palisade Wall |
| 13:27 | Construir | Outpost |
| 13:41 | Construir | Farm |
| 13:44 | Crear | Scout Cavalry |
| 14:27 | Crear | Villager (Male) |
| 14:28 | Crear | Villager (Male) |
| 14:28 | Crear | Scout Cavalry |
| 14:30 | Construir | Farm |
| 14:30 | Construir | Farm |
| 14:39 | Crear | Villager (Male) |
| 14:43 | Crear | Villager (Male) |
| 14:43 | Crear | Villager (Male) |
| 14:44 | Crear | Villager (Male) |
| 14:51 | Crear | Villager (Male) |
| 14:55 | Construir | Farm |
| 14:56 | Construir | Farm |
| 15:07 | Construir | Mining Camp |
| 15:13 | Crear | Villager (Male) |
| 15:20 | Construir | House |
| 15:25 | Crear | Villager (Male) |
| 15:26 | Crear | Villager (Male) |
Build order — Eye
93 acciones detectadas en el replay
| 0:00 | Crear | Villager (Male) |
| 0:01 | Crear | Villager (Male) |
| 0:01 | Crear | Villager (Male) |
| 0:02 | Crear | Villager (Male) |
| 0:02 | Crear | Villager (Male) |
| 0:02 | Construir | House |
| 0:04 | Construir | House |
| 1:19 | Crear | Villager (Male) |
| 1:19 | Crear | Villager (Male) |
| 1:21 | Construir | Lumber Camp |
| 1:56 | Crear | Villager (Male) |
| 1:56 | Crear | Villager (Male) |
| 2:15 | Crear | Villager (Male) |
| 2:15 | Crear | Villager (Male) |
| 2:50 | Crear | Villager (Male) |
| 2:50 | Crear | Villager (Male) |
| 3:11 | Construir | House |
| 3:12 | Construir | House |
| 3:31 | Crear | Villager (Male) |
| 3:32 | Crear | Villager (Male) |
| 3:59 | Construir | Mill |
| 4:04 | Crear | Villager (Male) |
| 4:04 | Crear | Villager (Male) |
| 4:53 | Crear | Villager (Male) |
| 5:05 | Crear | Villager (Male) |
| 5:31 | Crear | Villager (Male) |
| 6:00 | Crear | Villager (Male) |
| 6:24 | Investigar | Loom |
| 7:15 | Investigar | Feudal Age |
| 7:15 | Investigar | Feudal Age |
| 7:48 | Construir | Mining Camp |
| 7:58 | Construir | House |
| 8:05 | Construir | Palisade Wall |
| 8:19 | Construir | Barracks |
| 8:24 | Crear | Villager (Male) |
| 8:39 | Construir | Palisade Wall |
| 8:43 | Construir | Palisade Wall |
| 8:50 | Crear | Villager (Male) |
| 9:10 | Construir | House |
| 9:25 | Edad | Edad Feudal |
| 9:27 | Crear | Spearman |
| 9:34 | Construir | Archery Range |
| 9:46 | Construir | Archery Range |
| 9:58 | Crear | Villager (Male) |
| 10:08 | Construir | Palisade Wall |
| 10:15 | Construir | Mill |
| 10:19 | Crear | Archer |
| 10:20 | Crear | Villager (Male) |
| 10:26 | Construir | Palisade Gate |
| 10:29 | Construir | House |
| 10:39 | Crear | Archer |
| 10:56 | Crear | Villager (Male) |
| 10:56 | Crear | Archer |
| 11:04 | Construir | House |
| 11:08 | Construir | Palisade Wall |
| 11:11 | Crear | Villager (Male) |
| 11:17 | Construir | House |
| 11:27 | Construir | Palisade Gate |
| 11:33 | Crear | Archer |
| 11:33 | Crear | Villager (Male) |
| 11:43 | Investigar | Double-Bit Axe |
| 11:44 | Investigar | Double-Bit Axe |
| 11:58 | Crear | Archer |
| 11:58 | Crear | Villager (Male) |
| 12:22 | Construir | Blacksmith |
| 12:27 | Crear | Villager (Male) |
| 12:36 | Construir | House |
| 12:42 | Crear | Archer |
| 12:48 | Construir | Farm |
| 12:55 | Construir | Farm |
| 13:06 | Crear | Spearman |
| 13:09 | Construir | House |
| 13:21 | Construir | House |
| 13:24 | Construir | Farm |
| 13:27 | Crear | Archer |
| 13:27 | Crear | Villager (Male) |
| 13:45 | Construir | Farm |
| 13:54 | Construir | House |
| 14:10 | Crear | Archer |
| 14:10 | Crear | Villager (Male) |
| 14:14 | Construir | Farm |
| 14:20 | Construir | House |
| 14:22 | Construir | Palisade Gate |
| 14:32 | Crear | Villager (Male) |
| 14:32 | Crear | Villager (Male) |
| 14:33 | Crear | Archer |
| 14:33 | Crear | Archer |
| 14:58 | Crear | Archer |
| 14:58 | Crear | Archer |
| 15:04 | Investigar | Fletching |
| 15:04 | Investigar | Fletching |
| 15:13 | Construir | Farm |
| 15:14 | Construir | Farm |
Build order — watoson111
72 acciones detectadas en el replay
| 0:02 | Crear | Villager (Male) |
| 0:02 | Crear | Villager (Male) |
| 0:03 | Crear | Villager (Male) |
| 0:04 | Construir | House |
| 0:06 | Construir | House |
| 0:23 | Crear | Villager (Male) |
| 1:05 | Crear | Villager (Male) |
| 1:56 | Crear | Villager (Male) |
| 1:57 | Crear | Villager (Male) |
| 2:23 | Crear | Villager (Male) |
| 2:41 | Crear | Villager (Male) |
| 2:41 | Crear | Villager (Male) |
| 2:45 | Construir | Settlement |
| 3:05 | Crear | Villager (Male) |
| 3:05 | Crear | Villager (Male) |
| 3:27 | Crear | Villager (Male) |
| 4:30 | Crear | Villager (Male) |
| 4:51 | Construir | Settlement |
| 4:55 | Crear | Villager (Male) |
| 5:13 | Crear | Villager (Male) |
| 5:31 | Crear | Villager (Male) |
| 6:00 | Construir | Settlement |
| 6:07 | Crear | Villager (Male) |
| 6:35 | Construir | Palisade Wall |
| 6:43 | Investigar | Loom |
| 6:49 | Construir | Palisade Wall |
| 6:56 | Construir | Palisade Wall |
| 7:05 | Crear | Villager (Male) |
| 7:26 | Crear | Villager (Male) |
| 7:50 | Crear | Villager (Male) |
| 8:19 | Crear | Villager (Male) |
| 8:22 | Construir | Barracks |
| 8:36 | Construir | Palisade Wall |
| 8:44 | Investigar | Feudal Age |
| 9:40 | Crear | Villager (Male) |
| 9:47 | Construir | Palisade Wall |
| 10:48 | Crear | Villager (Male) |
| 10:58 | Edad | Edad Feudal |
| 11:02 | Crear | Villager (Male) |
| 11:09 | Crear | Villager (Male) |
| 11:14 | Construir | Watch Tower |
| 11:19 | Investigar | Double-Bit Axe |
| 11:20 | Investigar | Double-Bit Axe |
| 11:23 | Construir | Archery Range |
| 11:33 | Construir | Stone Wall |
| 11:35 | Construir | Gate |
| 12:18 | Crear | Villager (Male) |
| 12:19 | Crear | Spearman |
| 12:26 | Crear | Archer |
| 12:31 | Construir | Farm |
| 12:32 | Construir | Farm |
| 12:35 | Construir | Farm |
| 12:43 | Construir | Blacksmith |
| 12:56 | Construir | Farm |
| 13:04 | Crear | Villager (Male) |
| 13:08 | Crear | Archer |
| 13:14 | Construir | Farm |
| 13:16 | Construir | Farm |
| 13:18 | Crear | Skirmisher |
| 13:32 | Investigar | Town Watch |
| 13:35 | Construir | Farm |
| 13:36 | Construir | Farm |
| 13:45 | Crear | Skirmisher |
| 13:51 | Construir | Farm |
| 14:00 | Construir | Gate |
| 14:20 | Construir | House |
| 14:49 | Crear | Villager (Male) |
| 14:49 | Crear | Villager (Male) |
| 15:10 | Crear | Villager (Male) |
| 15:25 | Crear | Villager (Male) |
| 15:29 | Construir | Farm |
| 15:29 | Construir | Farm |
Cronología de la partida
| 6:35 | watoson111 · wall_segment Palisade Wall x7 |
| 6:49 | watoson111 · wall_segment Palisade Wall x1 |
| 6:56 | watoson111 · wall_segment Palisade Wall x1 |
| 7:28 | PedroAOE · first_building Barracks |
| 8:05 | Eye · wall_segment Palisade Wall x12 |
| 8:19 | Eye · first_building Barracks |
| 8:19 | DS_VARVAGOD · first_building Barracks |
| 8:22 | watoson111 · first_building Barracks |
| 8:36 | watoson111 · wall_segment Palisade Wall x1 |
| 8:39 | Eye · wall_segment Palisade Wall x2 |
| 8:43 | Eye · wall_segment Palisade Wall x3 |
| 9:16 | DS_VARVAGOD · age_up feudal |
| 9:24 | DS_VARVAGOD · first_building Archery Range |
| 9:25 | Eye · age_up feudal |
| 9:32 | PedroAOE · age_up feudal |
| 9:34 | Eye · first_building Archery Range |
| 9:38 | PedroAOE · first_building Stable |
| 9:47 | watoson111 · wall_segment Palisade Wall x6 |
| 10:08 | Eye · wall_segment Palisade Wall x5 |
| 10:48 | PedroAOE · wall_segment Palisade Wall x8 |
| 10:49 | PedroAOE · wall_segment Palisade Wall x4 |
| 10:58 | watoson111 · age_up feudal |
| 11:08 | Eye · wall_segment Palisade Wall x11 |
| 11:23 | watoson111 · first_building Archery Range |
| 11:33 | watoson111 · wall_segment Stone Wall x6 |
| 12:22 | DS_VARVAGOD · wall_segment Palisade Wall x5 |
| 13:14 | PedroAOE · wall_segment Palisade Wall x16 |
| 15:15 | DS_VARVAGOD · wall_segment Palisade Wall x4 |
| 15:28 | Eye · resign |
[ ANÁLISIS IA · 1 CRÉDITO ]
¿Qué pasó realmente en esta partida?
Wolo.gg analiza cada decisión: build order, eco, micro, errores típicos por bracket. Análisis personalizado por WhatsApp o Discord en 30 segundos.
Guía civ
Etíopes
Perfil
Jugador #24973127